 Dungeon Crawl Stone Soup version 0.21-a0-321-g91e3373 (webtiles) character file.

968 vishdafish the Grave Robber (level 7, -6/52 HPs)
             Began as a Demonspawn Necromancer on Sept 30, 2017.
             Was an Initiate of Nemelex Xobeh.
             Mangled by a yaktaur (8 damage)
             ... on level 7 of the Dungeon.
             The game lasted 00:18:48 (7912 turns).

vishdafish the Grave Robber (DsNe)                  Turns: 7912, Time: 00:18:49

Health: -6/52      AC:  9    Str: 14    XL:     7   Next: 93%
Magic:  0/12       EV: 13    Int: 23    God:    Nemelex Xobeh [......]
Gold:   292        SH:  0    Dex: 13    Spells: 12/13 levels left

rFire    . . .     SeeInvis +   d - +0 spear
rCold    . . .     Gourm    .   (no shield)
rNeg     . . .     Faith    .   u - +0 ring mail "Deiweref" {Str+2}
rPois    .         Spirit   +   (helmet unavailable)
rElec    .         Reflect  .   K - scarf {cloud immunity}
rCorr    .         Harm     .   I - +0 pair of gloves
MR       .....                  (no boots)
Stlth    ++........             w - amulet of guardian spirit
HPRegen  0.17/turn              r - ring of Gin and Tonic {Str+4 Int+4 Stlth+}
MPRegen  0.13/turn              l - +2 ring of evasion

@: no status effects
A: antennae 3, icy blue scales 2
a: Renounce Religion


You were on level 7 of the Dungeon.
You worshipped Nemelex Xobeh.
Nemelex Xobeh was noncommittal.
You were hungry.

You visited 2 branches of the dungeon, and saw 8 of its levels.

You collected 422 gold pieces.
You spent 130 gold pieces at shops.

Inventory:

Hand Weapons
 d - a +0 spear (weapon)
Armour
 a - a +0 robe
 u - the +0 ring mail "Deiweref" (worn) {Str+2}
   (You found it on level 4 of the Dungeon)

   It affects your strength (+2).
 I - a +0 pair of gloves (worn)
 K - a scarf of cloud immunity (worn)
Jewellery
 f - an uncursed ring of resist corrosion
 l - a +2 ring of evasion (right hand)
 r - the ring of Gin and Tonic (left hand) {Str+4 Int+4 Stlth+}
   (You bought it in a shop on level 4 of the Dungeon)

   [ring of stealth]

   It affects your strength (+4).
   It affects your intelligence (+4).
   It makes you more stealthy.
 w - an amulet of guardian spirit (around neck)
 x - an uncursed ring of protection from fire {unknown}
 C - an uncursed ring of positive energy
Wands
 t - a wand of paralysis (0/24)
 y - a wand of lightning (1/15)
 F - a wand of lightning (9/15)
Scrolls
 e - 3 scrolls of enchant armour
 h - 5 scrolls of enchant weapon
 i - 6 scrolls of remove curse
 j - 5 scrolls of teleportation
 s - a scroll of amnesia {unknown}
 v - 2 scrolls of fog
 z - 2 scrolls of magic mapping {unknown}
 A - 3 scrolls of blinking {unknown}
 H - a scroll of acquirement {unknown}
Potions
 g - a potion of flight
 m - a potion of brilliance
 o - a potion of might
 p - a potion of degeneration
 q - a potion of magic {unknown}
 D - 2 potions of agility {unknown}
 G - 2 potions of invisibility {unknown}
 J - 3 potions of curing
 L - a potion of berserk rage {unknown}
Books
 b - a book of Necromancy

   Spells                             Type                      Level
   a - Pain                           Necromancy                   1
   b - Animate Skeleton               Necromancy                   1
   c - Vampiric Draining              Necromancy                   3
   d - Regeneration                   Charms/Necromancy            3
   e - Animate Dead                   Necromancy                   4
   f - Control Undead                 Necromancy                   4
 B - a book of Misfortune

   Spells                             Type                      Level
   a - Confusing Touch                Hexes                        1
   b - Confuse                        Hexes                        3
   c - Gell's Gravitas                Translocation                3
   d - Petrify                        Transmutation/Earth          4
   e - Metabolic Englaciation         Hexes/Ice                    5
   f - Yara's Violent Unravelling     Hexes/Transmutation          5
Miscellaneous
 E - a plain deck of destruction {drawn: 2}
Comestibles
 c - 3 bread rations
 n - 3 meat rations


   Skills:
 + Level 3.2 Fighting
 * Level 4.4 Polearms
 * Level 3.6 Armour
 - Level 2.0 Dodging
 - Level 2.0 Stealth
 + Level 3.7 Spellcasting
 - Level 5.1 Necromancy
 * Level 2.6 Invocations


You had 12 spell levels left.
You knew the following spells:

 Your Spells              Type           Power        Failure   Level  Hunger
a - Pain                  Necr           ####         2%          1    None


Dungeon Overview and Level Annotations

Branches:
Dungeon (7/15)             Temple (1/1) D:5

Altars:
Ashenzari
Cheibriados
Dithmenos
Elyvilon
Fedhas
Gozag
Hepliaklqana
Kikubaaqudgha
Nemelex Xobeh
Okawaru
Ru
Sif Muna
Uskayaw
Vehumet
Wu Jian
Xom
Yredelemnul
Zin
The Shining One

Shops:
D:4 *


Innate Abilities, Weirdness & Mutations

You have a pair of large antennae on your head. (SInv)
You are mostly covered in icy blue scales. (AC +3)


Message History

Evoking this partially-identified wand wasted a few charges.
You hear a bark!
The hippogriff misses you. The hippogriff pecks you.
* * * LOW HITPOINT WARNING * * *
The hippogriff claws you.
* * * LOW HITPOINT WARNING * * *
Evoke which item? (* to show all) (? for menu, Esc to quit)
You draw a card...
It is Degeneration.
The hippogriff evaporates and reforms as a yaktaur!
The yaktaur twists and deforms.
Evoke which item? (* to show all) (? for menu, Esc to quit)
You draw a card...
It is the Orb.
You have drawn the Orb.
Press: ? - help, Shift-Dir - straight line, f/p - yaktaur
Aim: a yaktaur (lightly wounded, misshapen and mutated)
The orb of energy hits the yaktaur.
The yaktaur is moderately wounded.
The yaktaur hits you!
You die...
Your body disappears without a glow.

######.......#
#.#
#............#
#.#
#......#######
#.# #......#
#.# .#######
#.# .# #.# .#
#.# .#
######.# .#
+..@c..# .#
######## .# ##


You could see a yaktaur.

Vanquished Creatures
  A water moccasin (D:5)
  2 big kobolds (D:7)
  A bullfrog (D:5)
  2 scorpions
  A crimson imp (D:5)
  2 hounds
  A jelly (D:6)
  A bullfrog skeleton (D:4)
  An orc wizard (D:5)
  5 worker ants
  8 gnolls
  A howler monkey skeleton (D:6)
  6 adders
  An ooze (D:4)
  2 adder skeletons
  An adder zombie (D:7)
  A dart slug (D:4)
  3 leopard geckos
  9 orcs
  5 giant cockroaches
  15 goblins
  5 hobgoblins
  6 jackals
  15 kobolds
  4 quokkas
  6 ball pythons
  8 bats
  5 frilled lizards
  A quokka skeleton (D:4)
  7 rats
126 creatures vanquished.

Notes
Turn   | Place    | Note
-------+----------+-------------------------------------------
     0 | D:1      | vishdafish the Demonspawn Necromancer began the quest for the Orb.
     0 | D:1      | Reached XP level 1. HP: 13/13 MP: 3/3
   387 | D:1      | Gained mutation: You have a pair of small antennae on your head. [demonic ancestry]
   387 | D:1      | Reached XP level 2. HP: 18/19 MP: 5/5
   863 | D:1      | Reached skill level 1 in Polearms
  1080 | D:1      | Gained mutation: You are partially covered in icy blue scales. (AC +2) [demonic ancestry]
  1080 | D:1      | Reached XP level 3. HP: 4/24 MP: 2/6
  1534 | D:2      | Found a shattered altar of Ashenzari.
  1824 | D:2      | Reached skill level 5 in Necromancy
  2173 | D:3      | Reached skill level 1 in Fighting
  2537 | D:3      | Gained mutation: You have a pair of antennae on your head. [demonic ancestry]
  2537 | D:3      | Reached XP level 4. HP: 32/32 MP: 7/7
  2569 | D:3      | Found a faded altar of an unknown god.
  2807 | D:4      | Found a glowing golden altar of the Shining One.
  2816 | D:4      | Found a basalt altar of Yredelemnul.
  2854 | D:4      | Found Ibed's Assorted Antiques.
  2857 | D:4      | Bought a brightly glowing jade ring for 130 gold pieces
  2858 | D:4      | Identified the ring of Gin and Tonic {Str+4 Int+4 Stlth+} (You bought it in a shop on level 4 of the Dungeon)
  3246 | D:4      | Gained mutation: You are mostly covered in icy blue scales. (AC +3) [demonic ancestry]
  3246 | D:4      | Reached XP level 5. HP: 33/37 MP: 5/9
  3498 | D:4      | Got a heavily runed ring mail
  3509 | D:4      | Identified the +0 ring mail "Deiweref" {Str+2} (You found it on level 4 of the Dungeon)
  3864 | D:4      | Reached skill level 1 in Armour
  4102 | D:5      | Entered Level 5 of the Dungeon
  4271 | D:5      | Found a staircase to the Ecumenical Temple.
  4296 | Temple   | Entered the Ecumenical Temple
  4750 | D:5      | Gained mutation: You have a pair of large antennae on your head. (SInv) [demonic ancestry]
  4750 | D:5      | Reached XP level 6. HP: 28/44 MP: 2/10
  6130 | D:6      | Noticed a water moccasin
  6158 | D:5      | Reached XP level 7. HP: 41/51 MP: 3/12
  6816 | D:6      | Found a sparkling altar of Nemelex Xobeh.
  6823 | D:6      | Became a worshipper of Nemelex Xobeh the Trickster
  6842 | D:6      | Received a gift from Nemelex Xobeh
  7110 | D:6      | Reached skill level 1 in Invocations
  7828 | D:7      | Noticed a hippogriff
  7910 | D:7      | HP: 2/52 [hippogriff (2)]
  7911 | D:7      | Noticed a yaktaur
  7911 | D:7      | a hippogriff changed into a yaktaur
  7912 | D:7      | Mangled by a yaktaur

Vault maps used:
D:1:      nagdon_arrival_double_spiral, minmay_quantized
D:2:      old_standard_altar
D:3:      chequers_ecumenical_altar_island
D:4:      kb_forest_paths, grunt_temple_overflow_holy_war, serial_shops,
          nicolae_shop_trees, kennysheep_generic_room_5
D:5:      minmay_temple_entry_mist, first_bread
D:6:      nemelex_xobeh_ov_fountains_minmay
D:7:      minmay_three_doors
Temple:   regret_index_temple_waves

Skill      XL: |  1  2  3  4  5  6  7 |
---------------+----------------------+-----
Stealth        | 2 |  2.0
Polearms       | 1 2 3 4 |  4.4
Dodging        | 2 |  2.0
Necromancy     | 5 |  5.1
Fighting       | 1 2 3 |  3.2
Armour         | 1 2 3 |  3.6
Spellcasting   | 3 |  3.7
Invocations    | 2 |  2.6

Action                   |  1- 3 |  4- 6 |  7- 9 || total
-------------------------+-------+-------+-------++-------
Melee: Spear             |   167 |   515 |   197 ||   879
 Cast: Pain              |    27 |    49 |    36 ||   112
Evoke: Wand              |       |       |     5 ||     5
       Deck              |       |       |     2 ||     2
  Use: Scroll            |       |    10 |       ||    10
       Potion            |       |       |     3 ||     3
 Stab: Sleeping          |     7 |     6 |     2 ||    15
       Distracted        |       |     1 |       ||     1
  Eat: Chunk             |     5 |     7 |     2 ||    14
       Meat ration       |       |     1 |       ||     1
       Bread ration      |       |       |     1 ||     1
Armor: Robe              |    42 |     8 |       ||    50
       Ring mail         |       |   146 |    75 ||   221
Dodge: Dodged            |   115 |   239 |   152 ||   506

Table legend:
 A = Spawn XP
 B = Non-spawn XP
 C = Spawn XP percentage of total XP
 D = Spawn monster count
 E = Non-spawn monster count
 F = Spawn count percentage of total count
 G = Total turns spent on level
                    A         B        C        D         E        F      G
               +---------+---------+-------+---------+---------+-------+---------
         Total |       0 |    1384 |   0.0 |       0 |     126 |   0.0 |  7912
               +---------+---------+-------+---------+---------+-------+---------
           D:1 |       0 |      43 |   0.0 |       0 |      28 |   0.0 |  1258
           D:2 |       0 |      33 |   0.0 |       0 |      18 |   0.0 |   772
           D:3 |       0 |      51 |   0.0 |       0 |      17 |   0.0 |   768
           D:4 |       0 |     177 |   0.0 |       0 |      17 |   0.0 |  1304
           D:5 |       0 |     591 |   0.0 |       0 |      23 |   0.0 |  2350
           D:6 |       0 |     275 |   0.0 |       0 |      11 |   0.0 |   761
           D:7 |       0 |     214 |   0.0 |       0 |      12 |   0.0 |   550
               +---------+---------+-------+---------+---------+-------+---------
